 Dungeon Crawl Stone Soup version 0.22-a0-284-g99d1f74 (webtiles) character file.

183632 grizmgrazm2 the Destroyer (level 17, -5/136 HPs)
             Began as a Demonspawn Fire Elementalist on Mar 21, 2018.
             Was the Champion of Ashenzari.
             Slain by a sun demon (6 damage)
             ... in a wizard's laboratory on Mar 22, 2018.
             The game lasted 03:19:25 (34597 turns).

grizmgrazm2 the Destroyer (DsFE)                   Turns: 34597, Time: 03:19:26

Health: -5/136     AC: 10    Str: 16    XL:     17   Next: 37%
Magic:  0/42       EV: 24    Int: 21    God:    Ashenzari [******]
Gold:   1318       SH:  8    Dex: 14    Spells: 2/41 levels left

rFire    + . .     SeeInvis +   d - +7 short sword (drain) (curse)
rCold    + . .     Gourm    .   u - +3 buckler (curse)
rNeg     . . .     Faith    .   x - +2 robe {MR+} (curse)
rPois    +         Spirit   +   t - +2 hat (curse)
rElec    +         Reflect  .   k - scarf {rC+ rF+} (curse)
rCorr    .         Harm     .   n - +2 pair of gloves (curse)
MR       ++...     Clarity  +   p - +0 pair of boots "Tysac" {Regen+} (curse)
Stlth    +++.......             (no amulet)
HPRegen  0.72/turn              b - ring of magical power (curse)
MPRegen  0.56/turn              f - ring of Jeiceczo {rElec rPois EV+4 SInv} (curse)

@: mighty, very slightly contaminated
A: claws 2, hooves 2, horns 2, spiny 1, magic shield, magic regeneration, magic
link
}: 1/15 runes: serpentine
a: Curse Item, Scrying, Transfer Knowledge, Renounce Religion


You were in a wizard's laboratory.
You worshipped Ashenzari.
Ashenzari was exalted by your worship.
You were not hungry.

You visited 5 branches of the dungeon, and saw 28 of its levels.
You also visited: Wizlab.

You collected 2731 gold pieces.
You spent 1413 gold pieces at shops.

Inventory:

Hand Weapons
 d - a cursed +7 short sword of draining (weapon)
Armour
 k - a cursed scarf of resistance (worn)
 n - a cursed +2 pair of gloves (worn)
 p - the cursed +0 pair of boots "Tysac" (worn) {Regen+}
   (You acquired it on level 6 of the Dungeon)

   It increases your rate of regeneration.
   It has a curse placed upon it.
 t - a cursed +2 hat (worn)
 u - a cursed +3 buckler (worn)
 x - a cursed +2 robe of magic resistance (worn)
Jewellery
 b - a cursed ring of magical power (left hand)
 f - the cursed ring of Jeiceczo (right hand) {rElec rPois EV+4 SInv}
   (You bought it in a shop on level 2 of the Orcish Mines)

   [ring of evasion]

   It affects your evasion (+4).
   It insulates you from electricity.
   It protects you from poison.
   It lets you see invisible.
   It has a curse placed upon it.
 y - an uncursed ring of magical power
 E - an uncursed ring of stealth
Wands
 a - a wand of paralysis (13)
 g - a wand of disintegration (16)
 l - a wand of acid (22)
 q - a wand of polymorph (10)
 r - a wand of random effects (151)
 s - a wand of iceblast (5)
 z - a wand of enslavement (11)
 F - a wand of clouds (1)
Scrolls
 i - 2 scrolls of remove curse
 j - 7 scrolls of teleportation
 B - 3 scrolls of fog
 D - 2 scrolls of identify
Potions
 h - 2 potions of brilliance
 m - a potion of flight
 o - 2 potions of ambrosia {unknown}
 w - a potion of agility
Miscellaneous
 e - a phantom mirror
Comestibles
 c - 10 rations


   Skills:
 + Level 13.1 Fighting
 + Level 6.9(11.4) Short Blades
 + Level 8.0(12.4) Dodging
 - Level 1.9(5.1) Stealth
 - Level 3.0(5.6) Shields
 * Level 12.9 Spellcasting
 * Level 13.9(16.5) Conjurations
 - Level 8.8(11.7) Summonings
 * Level 13.0(15.6) Fire Magic
 * Level 7.8(10.9) Air Magic


You had 2 spell levels left.
You knew the following spells:

 Your Spells              Type           Power        Failure   Level  Hunger
a - Flame Tongue          Conj/Fire      #####        0%          1    None
b - Throw Flame           Conj/Fire      ######       0%          2    None
c - Conjure Flame         Conj/Fire      ######..     1%          3    None
d - Sticky Flame          Conj/Fire      ######..     1%          4    None
e - Fireball              Conj/Fire      ######....   1%          5    ####...
f - Orb of Destruction    Conj           ######....   4%          7    #######
g - Airstrike             Air            ######....   1%          4    None
h - Spellforged Servitor  Conj/Summ      ######....   12%         7    #######
i - Iron Shot             Conj/Erth      #####.....   22%         6    #####..


Dungeon Overview and Level Annotations

Branches:
Dungeon (15/15)            Temple (0/1) D:7            Lair (6/6) D:9
 Shoals (0/4) Lair:4        Snake (4/4) Lair:4        Slime (0/5) Lair:6
    Orc (2/2) D:10            Elf (1/3) Orc:2        Vaults (0/5) D:13
 Depths (0/5) D:15

Altars:
Ashenzari
Dithmenos
Gozag
Nemelex Xobeh
Okawaru
Qazlal
Uskayaw
Vehumet
Beogh

Shops:
D:6 *   D:15 *   Orc:1 [   Orc:2 *(([

Annotations:
Lair:2 Gildeon's ghost, journeyman MiFi
Lair:6 exclusion: 4 oklob plants
Snake:3 Mara


Innate Abilities, Weirdness & Mutations

You have very sharp fingernails.
You have hoof-like feet.
You have a pair of horns on your head.
You are partially covered in sharp spines.
When hurt, damage is shared between your health and your magic reserves.
You regenerate magic rapidly.
When low on magic, you restore magic in place of health.


Message History

The sun demon completely misses you.
A neqoxec comes into view.
The shadow demon gestures.
Found 23 gold pieces.
Okay, then.
Found 3 needles of sleeping.
The shadow demon gestures.
The hellwing swoops through the air toward you!
The hellwing is struck by your spines. The hellwing hits you!
* * * LOW HITPOINT WARNING * * *
The hellwing misses you.
The neqoxec shouts!
You hear a chilling moan.
The sun demon closely misses you. The sun demon is struck by your spines.
The sun demon completely misses you. The sun demon misses you.
The tormentor says, "You will wish to die when I get to you."
The sun demon is struck by your spines. The sun demon hits you!
* * * LOW HITPOINT WARNING * * *
You are engulfed in flames.
You resist.
You die...

..........}.....................#
................2...............#
.............3..3...............#
.....?................).........#
..2.............24..............#
.................3..............#
................................#
................334.......(.....#
.....3...%......@...............#
................................#
................................#
................................#
#################################


You could see a soul eater, 3 sun demons, a shadow demon, a hellwing, a
tormentor, a neqoxec and a chaos spawn.

Vanquished Creatures
  Saint Roka (Orc:1)
  Vashnia (Snake:4)
  Asterion (Elf:1)
  A tengu reaver (D:14)
  6 nagarajas
  A deep elf sorcerer (Elf:1)
  A yaktaur captain (D:14)
  5 hydras
  A vault guard (D:13)
  10 naga warriors
  A catoblepas (Lair:3)
  A death knight (D:13)
  8 anacondas
  The ghost of grom234 the Fighter, a novice HOFi of Beogh (D:10)
  4 centaur warriors
  5 death yaks (Lair:5)
  A tengu warrior (D:13)
  8 two-headed ogres
  A dancing weapon (Elf:1)
  2 shock serpents
  5 orc high priests (Orc:2)
  7 naga sharpshooters
  Sonja (D:11)
  A soul eater (WizLab)
  Urug (D:11)
  A salamander mystic (Snake:3)
  A fire crab (Lair:6)
  An unseen horror (D:10)
  A deep troll (D:15)
  4 naga ritualists
  An orc knight (Orc:1)
  4 deep elf magi
  A wolf spider zombie (D:15)
  2 wizards (D:14)
  A necromancer (D:11)
  The ghost of Nib the Chopper, a novice DsGl of Makhleb (D:6)
  11 mana vipers
  14 ugly things
  A faun (shapeshifter) (D:14)
  4 manticores
  5 cyclopes
  2 orc sorcerers (Orc:1)
  4 elephants (Lair:5)
  10 salamanders
  Joseph (D:9)
  13 naga magi
  8 gargoyles
  24 black mambas
  3 guardian serpents
  4 centaur skeletons
  2 rime drakes (Lair:1)
  A rime drake (shapeshifter) (D:13)
  Psyche (D:8)
  11 spiny frogs
  A hellion (WizLab)
  2 efreet
  7 komodo dragons
  A kobold demonologist (D:15)
  2 tengu conjurers
  5 trolls
  A queen bee (Lair:2)
  4 polar bears (Lair:6)
  7 hornets
  3 slime creatures (D:12)
  15 hippogriffs
  2 dream sheep (Lair:6)
  12 blink frogs
  A water elemental (Elf:1)
  A shadow (D:15)
  15 spriggans
  Sigmund (D:2)
  2 vampires
  A wraith (D:14)
  23 yaks
  6 basilisks
  6 wyverns
  3 hungry ghosts
  2 vampire mosquitoes (D:14)
  4 wargs (Orc:1)
  59 nagas
  An acid dragon (shapeshifter) (D:14)
  23 water moccasins
  2 acid dragons (D:13)
  30 orc warriors
  7 porcupines
  4 black bears
  A phantom (D:6)
  4 eyes of draining
  2 hornet zombies
  2 sky beasts
  15 ogres
  A necrophage (D:11)
  24 wolves
  3 boggarts (Lair:6)
  4 ice beasts
  23 centaurs
  15 crocodiles
  5 big kobolds
  14 bullfrogs
  2 wyvern zombies
  A gnoll sergeant (D:10)
  6 scorpions
  A wyvern skeleton (D:12)
  28 killer bees
  7 wights
  8 howler monkeys
  4 crimson imps
  8 centaur zombies
  A bullfrog zombie (D:12)
  26 orc priests
  8 jellies
  3 bullfrog skeletons
  A quasit (D:8)
  7 hounds
  21 orc wizards
  5 iguanas
  13 worker ants
  3 polar bear simulacra (D:11)
  3 yak simulacra (D:11)
  3 wolf simulacra (D:11)
  A hound zombie (D:7)
  2 hound skeletons
  6 gnolls
  28 adders
  4 shadow imps
  3 oozes
  An adder skeleton (D:6)
  A dart slug (D:1)
  2 leopard geckos (D:2)
  67 orcs
  13 bats
  3 giant cockroaches
  11 goblins
  6 hobgoblins
  10 jackals
  16 kobolds
  4 quokkas
  3 ball pythons
  5 frilled lizards
  A giant cockroach zombie (D:6)
  A quokka zombie (D:5)
  3 rats
  2 river rat simulacra (D:11)
930 creatures vanquished.

Vanquished Creatures (collateral kills)
  A Hell Sentinel (WizLab)
  An ettin (D:15)
  A blizzard demon (WizLab)
  A fire dragon (D:14)
  2 naga warriors (Snake:4)
  A dancing weapon (Elf:1)
  A tengu warrior (D:15)
  A two-headed ogre (D:15)
  4 shock serpents (Snake:4)
  2 naga sharpshooters (Snake:4)
  A soul eater (WizLab)
  3 salamander mystics
  3 naga ritualists (Snake:4)
  A flayed ghost (D:14)
  A deep elf archer (D:15)
  A deep elf mage (D:15)
  A salamander (Snake:1)
  4 ugly things (D:15)
  A guardian serpent (Snake:4)
  A naga mage (Snake:4)
  2 trolls (Orc:2)
  A ynoxinul (WizLab)
  A wyvern (D:15)
  A human (shapeshifter) (D:15)
  4 nagas (Snake:4)
  An orc warrior (Orc:2)
  A sky beast (D:15)
  3 orcs (Orc:2)
46 creatures vanquished.

Vanquished Creatures (others)
  An unseen horror (D:14)
  A naga (Snake:4)
  13 fungi
  3 plants
18 creatures vanquished.

Grand Total: 994 creatures vanquished

Notes
Turn   | Place    | Note
-------+----------+-------------------------------------------
     0 | D:1      | grizmgrazm2 the Demonspawn Fire Elementalist began the quest for the Orb.
     0 | D:1      | Reached XP level 1. HP: 13/13 MP: 3/3
   434 | D:1      | Gained mutation: When hurt, damage is shared between your health and your magic reserves. [demonic ancestry]
   434 | D:1      | Reached XP level 2. HP: 20/20 MP: 5/5
   696 | D:1      | Reached skill level 1 in Fighting
   835 | D:2      | Gained mutation: You have large cloven feet. [demonic ancestry]
   835 | D:2      | Reached XP level 3. HP: 25/26 MP: 6/6
  1113 | D:2      | Found a shattered altar of Ashenzari.
  1367 | D:2      | Gained mutation: You have sharp fingernails. [demonic ancestry]
  1367 | D:2      | Reached XP level 4. HP: 32/32 MP: 7/7
  1484 | D:2      | Became a worshipper of Ashenzari the Shackled
  1878 | D:2      | Noticed Sigmund
  1904 | D:2      | Killed Sigmund
  1904 | D:2      | Gained mutation: You regenerate magic rapidly. [demonic ancestry]
  1904 | D:2      | Reached XP level 5. HP: 30/39 MP: 10/10
  1904 | D:2      | Reached XP level 6. HP: 36/46 MP: 11/11
  3111 | D:4      | Reached skill level 1 in Short Blades
  3161 | D:4      | Learned a level 3 spell: Conjure Flame
  3166 | D:4      | Learned a level 4 spell: Sticky Flame
  3169 | D:4      | Learned a level 2 spell: Throw Flame
  3269 | D:4      | Reached XP level 7. HP: 52/52 MP: 13/13
  3701 | D:5      | Entered Level 5 of the Dungeon
  3978 | D:5      | Reached * piety under Ashenzari
  4576 | D:6      | Reached XP level 8. HP: 60/60 MP: 15/15
  4783 | D:6      | Reached skill level 5 in Fire Magic
  4808 | D:6      | Learned a level 5 spell: Fireball
  4858 | D:6      | Found Bophan's General Store.
  4867 | D:6      | Bought a wand of iceblast (6) for 130 gold pieces
  4867 | D:6      | Bought a scroll of enchant armour for 97 gold pieces
  4867 | D:6      | Bought a potion of curing for 39 gold pieces
  4925 | D:6      | Reached skill level 5 in Spellcasting
  4958 | D:6      | Reached skill level 5 in Conjurations
  5287 | D:6      | Identified a scroll of acquirement
  5288 | D:6      | Got the cursed pair of boots "Tysac" {Regen+}
  5294 | D:6      | Identified the cursed +0 pair of boots "Tysac" {Regen+} (You acquired it on level 6 of the Dungeon)
  5350 | D:6      | Noticed Nib's ghost (novice DsGl)
  5907 | D:7      | Found a staircase to the Ecumenical Temple.
  5907 | D:7      | Noticed a hippogriff
  5915 | D:7      | Killed a hippogriff
  5915 | D:7      | Gained mutation: You have very sharp fingernails. [demonic ancestry]
  5915 | D:7      | Reached XP level 9. HP: 52/66 MP: 17/17
  6160 | D:7      | Reached ** piety under Ashenzari
  6585 | D:7      | Found a sparkling altar of Nemelex Xobeh.
  6639 | D:8      | Noticed a two-headed ogre
  6649 | D:8      | Killed a two-headed ogre
  6649 | D:8      | Reached skill level 5 in Fighting
  6776 | D:8      | Noticed Psyche
  6781 | D:8      | Killed Psyche
  6825 | D:8      | Gained mutation: You have hoof-like feet. [demonic ancestry]
  6825 | D:8      | Reached XP level 10. HP: 74/74 MP: 20/20
  7517 | D:9      | Noticed Joseph
  7534 | D:9      | Killed Joseph
  7613 | D:9      | Found a staircase to the Lair.
  7745 | D:9      | Noticed a two-headed ogre
  7753 | D:9      | Killed a two-headed ogre
  8161 | D:9      | Found a stormy altar of Qazlal.
  8354 | D:9      | Found an opulent altar of Gozag.
  8554 | D:9      | Reached *** piety under Ashenzari
  8643 | Lair:1   | Entered Level 1 of the Lair of Beasts
  8664 | Lair:1   | Noticed a spiny frog
  8671 | Lair:1   | Killed a spiny frog
  8671 | Lair:1   | Gained mutation: You have a pair of small horns on your head. [demonic ancestry]
  8671 | Lair:1   | Reached XP level 11. HP: 73/81 MP: 22/22
  8852 | Lair:1   | Noticed a seven-headed hydra
  8864 | Lair:1   | Killed a seven-headed hydra
  9453 | Lair:1   | Reached **** piety under Ashenzari
  9592 | Lair:1   | Reached skill level 5 in Dodging
  9983 | Lair:2   | Noticed a six-headed hydra
  9994 | Lair:2   | Killed a six-headed hydra
 10042 | Lair:2   | Noticed Gildeon's ghost (journeyman MiFi)
 10221 | Lair:3   | Noticed a catoblepas
 10245 | Lair:3   | Killed a catoblepas
 10894 | Lair:4   | Reached skill level 5 in Short Blades
 11056 | Lair:4   | Found a staircase to the Snake Pit.
 11169 | Lair:4   | Gained mutation: You are partially covered in sharp spines. [demonic ancestry]
 11169 | Lair:4   | Reached XP level 12. HP: 89/91 MP: 25/25
 11245 | Lair:4   | Found a staircase to the Shoals.
 11803 | Lair:4   | Reached ***** piety under Ashenzari
 11841 | Lair:4   | Reached skill level 10 in Conjurations
 13370 | D:10     | Entered Level 10 of the Dungeon
 13388 | D:10     | Found a hide-covered altar of Uskayaw.
 13535 | D:10     | Noticed grom234's ghost (novice HOFi)
 13564 | D:10     | Killed grom234's ghost
 13651 | D:10     | Found a staircase to the Orcish Mines.
 13677 | D:10     | Reached skill level 10 in Fire Magic
 13904 | D:10     | Reached skill level 10 in Spellcasting
 14458 | D:11     | Noticed Urug
 14473 | D:11     | Killed Urug
 14868 | Lair:5   | Learned a level 7 spell: Orb of Destruction
 15003 | Lair:5   | Gained mutation: When low on magic, you restore magic in place of health. [demonic ancestry]
 15003 | Lair:5   | Reached XP level 13. HP: 92/98 MP: 27/27
 15114 | Lair:5   | Identified the cursed +0 hunting sling of Sequestration {velocity, rElec MR+++ Str-4 Int-5}
 15201 | Lair:5   | Reached skill level 1 in Stealth
 16149 | Lair:6   | Entered Level 6 of the Lair of Beasts
 17332 | Lair:6   | Paralysed by a hornet for 1 turns
 17581 | Lair:5   | Reached skill level 1 in Shields
 17655 | Lair:6   | Identified the cursed +0 hand axe of the Madman {chop, rF+} (You took it off a spriggan on level 6 of the Lair of Beasts)
 17659 | Lair:6   | Paralysed by a hornet for 3 turns
 17755 | Lair:6   | Found a staircase to the Slime Pits.
 17887 | Lair:6   | Reached XP level 14. HP: 75/106 MP: 26/29
 18617 | D:11     | Noticed Sonja
 18630 | D:11     | Killed Sonja
 18806 | D:11     | Reached ****** piety under Ashenzari
 19701 | D:12     | Found an iron altar of Okawaru.
 21006 | D:13     | Found a gate to the Vaults.
 21292 | D:13     | Learned a level 7 spell: Spellforged Servitor
 21391 | D:14     | Reached skill level 1 in Summonings
 21661 | D:14     | Reached skill level 10 in Fighting
 22166 | Orc:1    | Entered Level 1 of the Orcish Mines
 22292 | Orc:1    | Found a roughly hewn altar of Beogh.
 22323 | Orc:1    | Found Gokhaang's Antique Armour Boutique.
 22331 | Orc:1    | Bought a glowing hat for 196 gold pieces
 22523 | Orc:1    | Identified the +2 spear of Conformity {speed, Int+4 Dex+7}
 22732 | Orc:2    | Entered Level 2 of the Orcish Mines
 22732 | Orc:2    | Found a staircase to the Elven Halls.
 22742 | Orc:2    | Noticed Saint Roka
 22752 | Orc:2    | Paralysed by an orc sorcerer for 3 turns
 23065 | Orc:1    | Killed Saint Roka
 23065 | Orc:1    | Reached skill level 5 in Summonings
 23065 | Orc:1    | Reached XP level 15. HP: 39/117 MP: 9/31
 24238 | Orc:2    | Found Qopadoats's Antique Weapon Shop.
 24238 | Orc:2    | Found Qenuddeo's Assorted Antiques.
 24239 | Orc:2    | Found Ibbygas's Weapon Boutique.
 24242 | Orc:2    | Found Qonoa's Antique Armour Boutique.
 24298 | Orc:2    | Bought a twitching glass ring for 155 gold pieces
 24298 | Orc:2    | Identified the ring of Jeiceczo {rElec rPois EV+4 SInv} (You bought it in a shop on level 2 of the Orcish Mines)
 24298 | Orc:2    | Bought a papyrus book for 465 gold pieces
 24373 | Orc:2    | Learned a level 4 spell: Airstrike
 24432 | Orc:2    | Bought a scroll of remove curse for 93 gold pieces
 24432 | Orc:2    | Bought a scroll of remove curse for 93 gold pieces
 24626 | Snake:1  | Entered Level 1 of the Snake Pit
 24888 | Snake:1  | Reached skill level 1 in Air Magic
 25816 | Snake:2  | Identified the +7 short sword of the Ship {vamp, MR+}
 26046 | Snake:2  | Noticed a nagaraja
 26071 | Snake:2  | Killed a nagaraja
 26450 | Snake:2  | Noticed a nagaraja
 26464 | Snake:2  | Killed a nagaraja
 27413 | Snake:3  | Reached skill level 5 in Air Magic
 27749 | Snake:3  | Reached XP level 16. HP: 99/129 MP: 29/32
 27794 | Snake:3  | Noticed Mara
 27800 | Snake:3  | Noticed grizmgrazm2's illusion
 27833 | Snake:4  | Entered Level 4 of the Snake Pit
 28654 | Snake:4  | HP: 3/129 [salamander mystic/bolt of magma (15)]
 29068 | Snake:4  | Noticed Vashnia
 30049 | Snake:4  | HP: 6/129 [poisoned by a nagaraja (poison arrow)]
 30055 | Snake:4  | HP: 4/129 [poisoned by a nagaraja (poison arrow)]
 30063 | Snake:4  | HP: 3/129 [poisoned by a nagaraja (poison arrow)]
 30071 | Snake:4  | HP: 4/129 [poisoned by a nagaraja (poison arrow)]
 30377 | Snake:4  | Killed Vashnia
 30567 | Snake:4  | Learned a level 6 spell: Iron Shot
 30787 | Snake:4  | Got a serpentine rune of Zot
 32040 | D:14     | Noticed a tengu reaver
 32366 | D:14     | Killed a tengu reaver
 32557 | D:14     | Identified the +2 ring mail of Listlessness {+Inv rC+ Str+2}
 32755 | D:15     | Entered Level 15 of the Dungeon
 32755 | D:15     | Found Iguqy's General Store.
 32771 | D:15     | Gained mutation: You have a pair of horns on your head. [demonic ancestry]
 32771 | D:15     | Reached XP level 17. HP: 134/135 MP: 32/33
 32932 | D:15     | Found a staircase to the Depths.
 33361 | D:15     | Found a shadowy altar of Dithmenos.
 33563 | D:15     | Bought a ration for 80 gold pieces
 33811 | D:6      | Killed Nib's ghost
 33831 | D:6      | Bought a ration for 65 gold pieces
 34020 | Elf:1    | Entered Level 1 of the Elven Halls
 34040 | Elf:1    | Found a radiant altar of Vehumet.
 34043 | Elf:1    | Noticed Asterion
 34063 | Elf:1    | Killed Asterion
 34245 | Elf:1    | Found a magical portal.
 34254 | WizLab   | Entered Doroklohe's Tomb
 34543 | WizLab   | Noticed a Hell Sentinel
 34556 | WizLab   | Killed a Hell Sentinel
 34582 | WizLab   | HP: 1/136 [balrug/bolt of fire (7)]
 34592 | WizLab   | HP: 1/136 [hellwing[a shadow demon] (2)]
 34597 | WizLab   | HP: 1/136 [sun demon (1)]
 34597 | WizLab   | Slain by a sun demon

Vault maps used:
D:1:      co_arrival_square_in_a_square_in_a_square
D:2:      first_ration, roderic_roman_lattice, nicolae_ashenzari_panopticon,
          uniq_sigmund
D:4:      lemuel_upstairs_altar
D:5:      nicolae_overflow_hidden_temple, serial_park_tiny_2,
          hangedman_glass_teeth
D:6:      serial_shops, shop
D:7:      minmay_temple_entry_fiery, grunt_ogre_cave, minmay_misc_feat_hallway,
          nemelex_dance_club_becter
D:8:      hangedman_abyss_or_decor_stagger, uniq_psyche
D:9:      david_lair_generic, basic_altar, grunt_gozag_statues, uniq_joseph
D:10:     kennysheep_orc_monster_closet_entryway, basic_altar
D:11:     eino_house_with_fridge, uniq_urug, uniq_sonja
D:12:     basic_altar
D:13:     david_vaults_5, enter_bailey_3
D:14:     kennysheep_snake
D:15:     hangedman_depths_entry_civil_slaughter,
          grunt_dithmenos_smoke_and_mirrors, serial_shops, shop
Lair:2:   special_room, grunt_megastairs_1
Lair:4:   minmay_shoals_entry_centaurs, minmay_snake_entry_six_corridors,
          grunt_megastairs_2
Lair:5:   patterned_corridor
Lair:6:   minmay_lair_end_enchanted_forest, minmay_slime_entry_oklob_open
Snake:2:  corexii_hall_statues_s, serial_bayou_shore_b
Snake:3:  st_stairs_9, uniq_mara
Snake:4:  johnstein_snake_rune_scales, minmay_snake_pond
Orc:1:    basic_altar, serial_shops, shop, nooodl_orcs_dogs
Orc:2:    st_orc_mages, uniq_saint_roka
Elf:1:    eino_elf_arrival_altar, mu_enter_wizlab_4, minmay_elf_crystal_hexagon,
          uniq_asterion
WizLab:   wizlab_doroklohe

Skill      XL: |  1  2  3  4  5  6  7  8  9 10 11 12 13 14 15 16 17 |
---------------+----------------------------------------------------+-----
Fighting       | 1 2 3 4 5 6 7 8 10 12 13 | 13.1
Fire Magic     | 3 4 6 7 8 9 10 11 12 13 | 13.0
Conjurations   | 2 3 4 5 7 8 9 10 12 13 | 13.9
Spellcasting   | 3 4 5 6 7 9 10 11 12 | 12.9
Dodging        | 2 3 4 5 6 7 8 |  8.0
Short Blades   | 1 3 4 5 6 |  6.9
Stealth        | 0 1 |  1.9
Shields        | 1 3 |  3.0
Summonings     | 5 8 |  8.8
Air Magic      | 5 7 |  7.8

Action                   |  1- 3 |  4- 6 |  7- 9 | 10-12 | 13-15 | 16-18 || total
-------------------------+-------+-------+-------+-------+-------+-------++-------
Melee: Short sword       |     4 |   124 |   198 |   259 |  1185 |   461 ||  2231
       Kick              |     1 |    21 |    20 |       |       |       ||    42
       Headbutt          |       |       |       |    40 |   256 |    79 ||   375
 Cast: Flame Tongue      |    61 |    49 |    79 |    44 |    29 |     1 ||   263
       Conjure Flame     |       |     1 |     5 |     8 |     6 |     7 ||    27
       Sticky Flame      |       |       |    17 |   105 |   212 |    66 ||   400
       Throw Flame       |       |       |     4 |   232 |   189 |    65 ||   490
       Fireball          |       |       |     1 |    21 |    68 |    28 ||   118
       Orb of Destructio |       |       |       |       |     1 |    59 ||    60
       Spellforged Servi |       |       |       |       |     1 |    25 ||    26
       Airstrike         |       |       |       |       |     1 |     7 ||     8
Invok: Curse Item        |       |     3 |     2 |     1 |     3 |       ||     9
       Transfer Knowledg |       |       |       |     1 |       |       ||     1
Evoke: Wand              |       |       |       |     4 |     5 |     2 ||    11
  Use: Scroll            |     6 |     5 |     7 |     9 |    15 |    17 ||    59
       Potion            |       |     2 |     3 |     7 |     7 |     8 ||    27
 Stab: Sleeping          |       |     3 |     1 |    10 |     9 |     2 ||    25
       Distracted        |       |       |       |       |     2 |     4 ||     6
  Eat: Chunk             |     2 |     3 |     8 |    18 |    20 |    15 ||    66
       Ration            |       |     1 |     2 |     7 |    12 |    15 ||    37
Armor: Robe              |     9 |    23 |    39 |    50 |   120 |    47 ||   288
Dodge: Dodged            |    31 |    96 |   132 |   249 |   789 |   337 ||  1634
Block: Buckler           |       |       |       |       |   373 |   165 ||   538

Table legend:
 A = Spawn XP
 B = Non-spawn XP
 C = Spawn XP percentage of total XP
 D = Spawn monster count
 E = Non-spawn monster count
 F = Spawn count percentage of total count
 G = Total turns spent on level
                    A         B        C        D         E        F      G
               +---------+---------+-------+---------+---------+-------+---------
         Total |       0 |  243761 |   0.0 |       0 |     977 |   0.0 | 34597
               +---------+---------+-------+---------+---------+-------+---------
           D:1 |       0 |      60 |   0.0 |       0 |      20 |   0.0 |  1034
           D:2 |       0 |     333 |   0.0 |       0 |      26 |   0.0 |  1144
           D:3 |       0 |     276 |   0.0 |       0 |      33 |   0.0 |   881
           D:4 |       0 |     290 |   0.0 |       0 |      13 |   0.0 |   642
           D:5 |       0 |     326 |   0.0 |       0 |      12 |   0.0 |   850
           D:6 |       0 |    1333 |   0.0 |       0 |      22 |   0.0 |  1403
           D:7 |       0 |    1679 |   0.0 |       0 |      21 |   0.0 |   946
           D:8 |       0 |    2429 |   0.0 |       0 |      15 |   0.0 |   690
           D:9 |       0 |    4716 |   0.0 |       0 |      45 |   0.0 |  1593
          D:10 |       0 |    5283 |   0.0 |       0 |      51 |   0.0 |  1175
          D:11 |       0 |    6557 |   0.0 |       0 |      49 |   0.0 |   917
          D:12 |       0 |    4222 |   0.0 |       0 |      24 |   0.0 |   889
          D:13 |       0 |   13905 |   0.0 |       0 |      63 |   0.0 |  1300
          D:14 |       0 |   17387 |   0.0 |       0 |      46 |   0.0 |  2167
          D:15 |       0 |   17189 |   0.0 |       0 |      41 |   0.0 |   809
        Lair:1 |       0 |    4247 |   0.0 |       0 |      16 |   0.0 |  1496
        Lair:2 |       0 |    3792 |   0.0 |       0 |      27 |   0.0 |  1271
        Lair:3 |       0 |    2948 |   0.0 |       0 |      12 |   0.0 |  1000
        Lair:4 |       0 |    8310 |   0.0 |       0 |      45 |   0.0 |  1307
        Lair:5 |       0 |   14445 |   0.0 |       0 |      39 |   0.0 |  2006
        Lair:6 |       0 |   15185 |   0.0 |       0 |      69 |   0.0 |  1685
       Snake:1 |       0 |    7146 |   0.0 |       0 |      19 |   0.0 |  1044
       Snake:2 |       0 |   17159 |   0.0 |       0 |      28 |   0.0 |  1388
       Snake:3 |       0 |   17067 |   0.0 |       0 |      32 |   0.0 |  1248
       Snake:4 |       0 |   48119 |   0.0 |       0 |     103 |   0.0 |  2823
         Orc:1 |       0 |   10621 |   0.0 |       0 |      32 |   0.0 |  1310
         Orc:2 |       0 |    7728 |   0.0 |       0 |      60 |   0.0 |  1002
         Elf:1 |       0 |    6803 |   0.0 |       0 |       8 |   0.0 |   234
        WizLab |       0 |    4206 |   0.0 |       0 |       6 |   0.0 |   343
               +---------+---------+-------+---------+---------+-------+---------
